 Dungeon Crawl Stone Soup version 0.22-a0-185-ge330310 (webtiles) character file.

51862 KarmaPolice the Prestidigitator (level 14, -3/114 HPs)
             Began as a Demonspawn Abyssal Knight on Feb 15, 2018.
             Was the Champion of Lugonu.
             Succumbed to an ogre mage's bolt of poison
             ... on level 2 of the Orcish Mines.
             The game lasted 01:44:12 (27448 turns).

KarmaPolice the Prestidigitator (DsAK)             Turns: 27448, Time: 01:44:13

Health: -3/114     AC: 15    Str: 20    XL:     14   Next: 25%
Magic:  23/23      EV: 18    Int: 15    God:    Lugonu [******]
Gold:   1564       SH:  0    Dex: 17    Spells: 14/19 levels left

rFire    + . .     SeeInvis .   D - +2 flail (drain)
rCold    + . .     Gourm    .   (no shield)
rNeg     + . .     Faith    .   V - +1 troll leather armour
rPois    .         Spirit   .   m - +0 helmet
rElec    .         Reflect  .   y - +2 cloak
rCorr    .         Harm     .   h - +0 pair of gloves
MR       +....                  (boots unavailable)
Stlth    ++........             G - amulet of regeneration
HPRegen  1.09/turn              u - ring "Ceafiune" {rF+ EV+2 Str+3 Slay+5}
MPRegen  0.18/turn              B - ring of positive energy

@: agile, lethally poisoned (-3 -> -20), very slightly contaminated, slowed,
very slow
A: talons 3, thin metallic scales 2, cold resistance 1, powered by pain 1,
augmentation 1, freezing cloud immunity
a: Depart the Abyss, Bend Space, Banish, Corrupt, Enter the Abyss, Brand Weapon
With Distortion, Renounce Religion


You were on level 2 of the Orcish Mines.
You worshipped Lugonu.
Lugonu was exalted by your worship.
You were not hungry.

You visited 3 branches of the dungeon, and saw 21 of its levels.
You visited the Abyss 1 time.

You collected 1594 gold pieces.
You spent 30 gold pieces at shops.

Inventory:

Hand Weapons
 D - a +2 flail of draining (weapon)
 L - a +0 broad axe of distortion
 P - a +0 blowgun
Missiles
 f - 5 curare-tipped needles
 l - 49 poisoned needles
Armour
 h - a +0 pair of gloves (worn)
 m - a +0 helmet (worn)
 y - a +2 cloak (worn)
 I - the cursed +0 pair of boots of Cadwirac {Str+6}
   (You found it on level 8 of the Dungeon)

   It affects your strength (+6).
   It has a curse placed upon it.
 S - a scarf of resistance
 V - a +1 troll leather armour (worn)
Jewellery
 u - the ring "Ceafiune" (left hand) {rF+ EV+2 Str+3 Slay+5}
   (You found it on level 6 of the Lair of Beasts)

   [ring of evasion]

   It affects your evasion (+2).
   It affects your strength (+3).
   It affects your accuracy and damage with ranged weapons and melee attacks
   (+5).
   It protects you from fire.
 B - a ring of positive energy (right hand)
 G - an amulet of regeneration (around neck)
 Y - an uncursed amulet of the acrobat
Wands
 n - a wand of random effects (35)
 w - a wand of polymorph (14)
 T - a wand of enslavement (13)
 W - a wand of digging (19)
 X - a wand of acid (8)
 Z - a wand of paralysis (44)
Scrolls
 d - 12 scrolls of remove curse
 e - 9 scrolls of teleportation
 i - 2 scrolls of acquirement {unknown}
 j - 4 scrolls of amnesia
 k - 4 scrolls of enchant armour
 o - a scroll of identify
 p - a scroll of vulnerability {unknown}
 r - 5 scrolls of fog
 v - 7 scrolls of enchant weapon
 x - a scroll of summoning
 C - 3 scrolls of magic mapping
 E - 2 scrolls of fear
 H - 2 scrolls of torment
 J - 2 scrolls of brand weapon
 U - a scroll of immolation
Potions
 a - a potion of brilliance
 b - 2 potions of resistance
 q - 2 potions of magic
 t - a potion of lignification
 z - 3 potions of invisibility
 F - 3 potions of heal wounds
 K - 2 potions of agility
 M - a potion of flight
 N - a potion of ambrosia
 O - 3 potions of haste
 Q - 2 potions of might
 R - a potion of curing
Miscellaneous
 A - a phial of floods
Comestibles
 c - 31 rations
 s - 5 chunks of flesh


   Skills:
 + Level 11.7 Fighting
 - Level 6.0(9.6) Axes
 + Level 11.5(12.0) Maces & Flails
 - Level 1.7 Throwing
 - Level 9.3 Armour
 - Level 0.8 Dodging
 + Level 3.4 Spellcasting
 - Level 9.6 Invocations
 - Level 12.0 Evocations


You had 14 spell levels left.
You knew the following spells:

 Your Spells              Type           Power        Failure   Level  Hunger
a - Silence               Hex/Air        #.........   99%         5    ######.


Dungeon Overview and Level Annotations

Branches:
Dungeon (13/15)            Temple (0/1) D:4            Lair (6/6) D:10
  Swamp (0/4) Lair:4        Snake (0/4) Lair:4        Slime (0/5) Lair:5
    Orc (2/2) D:9
    Elf: Orc:2       Vaults: D:13-14

Altars:
Elyvilon
Fedhas
Kikubaaqudgha
Nemelex Xobeh
Qazlal
Ru
Sif Muna
Trog
Uskayaw
Vehumet
Wu Jian
Yredelemnul
The Shining One

Shops:
D:5 *   D:6 (   Orc:2 %

Annotations:
D:3 1 runed door
D:11 exclusion: obsidian statue
Lair:1 exclusion: oklob plant
Lair:5 exclusion: 4 oklob plants
Lair:6 exclusion: oklob plant


Innate Abilities, Weirdness & Mutations

You have claws for feet.
You are mostly covered in thin metallic scales. (AC +3)
Your flesh is cold resistant. (rC+)
You sometimes gain a little power by taking damage.
Your magical and physical power is slightly enhanced at high health.
You are immune to freezing clouds.


Message History

Something hits you but does no damage.
You feel sick. The ogre mage completely misses you.
Something hits you but does no damage.
You feel sick.
You hear some strange, mumbled words.
A bolt of poison appears from out of thin air!
The bolt of poison hits you!
You are more poisoned.
* * * LOW HITPOINT WARNING * * *
The ogre mage hits you but does no damage.
You hear some strange, mumbled words.
A bolt of poison appears from out of thin air!
The bolt of poison hits you!
You are more poisoned.
* * * LOW HITPOINT WARNING * * *
Blink to where?
Press: ? - help, Dir - move target cursor You are very lightly contaminated with residual magic.
As you read the scroll of blinking, it crumbles to dust.
You die...

#........#.#.....#.#..##
###.....................#
#......................#
................#.....##
.................#....##
...........).......#...##
..............#.......#.#
.......[[................
........@)..............#
........)[).).........###
....#...[##)))........###
.............)ยง.O..#.###.
...............)......# #
......................###
......................#.
..#.....#............#..
........................


There were no monsters in sight!

Vanquished Creatures
  An orc warlord (Orc:1)
  A hydra (Lair:1)
  A merfolk avatar (Lair:6)
  2 catoblepae (D:12)
  6 death yaks
  3 two-headed ogres
  A queen ant (Lair:3)
  3 sea snakes (Lair:6)
  An unseen horror (D:11)
  A harpy (Lair:6)
  An orc knight (D:9)
  A deep elf mage (D:7)
  An ugly thing (D:12)
  A manticore (D:12)
  8 elephants
  3 black mambas
  14 spiny frogs
  5 rime drakes
  8 komodo dragons
  7 polar bears
  2 trolls
  9 slime creatures (D:12)
  A hornet (Lair:6)
  8 blink frogs (Lair:3)
  8 hippogriffs
  Prince Ribbit (D:8)
  31 yaks
  3 basilisks
  2 wyverns
  A steam dragon (D:11)
  2 hungry ghosts
  3 wargs
  5 swamp worms (Lair:4)
  An acid dragon (D:12)
  16 water moccasins
  5 soldier ants (Lair:3)
  12 porcupines
  13 orc warriors
  A swamp drake (Lair:6)
  5 black bears
  2 phantoms
  2 sky beasts
  2 ice beasts
  2 centaurs
  5 ogres
  11 crocodiles
  8 wolves
  A big kobold (D:10)
  19 bullfrogs
  A gnoll sergeant (D:10)
  2 scorpions
  8 killer bees
  3 electric eels
  5 howler monkeys
  A centaur zombie (D:10)
  6 crimson imps
  2 bullfrog zombies
  A quasit (D:12)
  A bullfrog skeleton (D:9)
  15 orc priests
  A centaur skeleton (D:6)
  3 hounds
  6 jellies
  22 orc wizards
  2 iguanas
  17 worker ants
  2 hound zombies
  A hound skeleton (D:8)
  2 worker ant zombies (D:10)
  9 gnolls
  15 adders
  6 shadow imps
  3 oozes
  An adder skeleton (D:8)
  An adder zombie (D:7)
  3 worms
  2 dart slugs
  6 leopard geckos
  64 orcs
  3 giant cockroaches
  14 goblins
  7 hobgoblins
  11 jackals
  8 kobolds
  4 quokkas
  3 ball pythons
  4 bats
  A frilled lizard (D:3)
  2 jackal skeletons (D:4)
  A leopard gecko zombie (D:4)
  A quokka skeleton (D:4)
  8 rats
  2 fungi (D:3)
  A plant (Lair:1)
531 creatures vanquished.

Vanquished Creatures (collateral kills)
  The ghost of KarmaPolice the Fighter, a journeyman DsAK of Lugonu (D:12)
1 creature vanquished.

Vanquished Creatures (others)
  A hornet (Lair:6)
  2 bushes (D:9)
  11 fungi
  17 plants
31 creatures vanquished.

Grand Total: 563 creatures vanquished

Notes
Turn   | Place    | Note
-------+----------+-------------------------------------------
     0 | Abyss:1  | KarmaPolice the Demonspawn Abyssal Knight began the quest for the Orb.
     0 | Abyss:1  | Reached XP level 1. HP: 18/18 MP: 2/2
    20 | Abyss:1  | Noticed a quasit
    27 | D:1      | Escaped the Abyss
   230 | D:1      | Reached * piety under Lugonu
   256 | D:1      | Gained mutation: Your flesh is cold resistant. (rC+) [demonic ancestry]
   256 | D:1      | Reached XP level 2. HP: 22/24 MP: 3/3
   347 | D:1      | Reached skill level 1 in Throwing
   786 | D:2      | Gained mutation: You are partially covered in thin metallic scales. (AC +2) [demonic ancestry]
   786 | D:2      | Reached XP level 3. HP: 26/29 MP: 4/4
   986 | D:2      | HP: 1/29 [poisoned by an adder]
  1110 | D:3      | Found a blossoming altar of Fedhas.
  1557 | D:2      | Gained mutation: You have sharp toenails. [demonic ancestry]
  1557 | D:2      | Reached XP level 4. HP: 35/37 MP: 5/5
  2036 | D:2      | Reached ** piety under Lugonu
  2582 | D:3      | Found a runed door.
  2654 | D:4      | Reached skill level 1 in Evocations
  2654 | D:4      | Gained mutation: You are immune to freezing clouds. [demonic ancestry]
  2654 | D:4      | Reached XP level 5. HP: 14/42 MP: 6/6
  2723 | D:4      | Noticed an ogre
  3061 | D:4      | Found a staircase to the Ecumenical Temple.
  3491 | D:4      | Found a deep blue altar of Sif Muna.
  3495 | D:4      | Found a white marble altar of Elyvilon.
  3741 | D:3      | Reached skill level 2 in Evocations
  3741 | D:3      | Reached XP level 6. HP: 44/49 MP: 7/7
  4401 | D:4      | Reached skill level 5 in Fighting
  4410 | D:4      | Reached skill level 3 in Evocations
  4410 | D:4      | Gained mutation: You sometimes gain a little power by taking damage. [demonic ancestry]
  4410 | D:4      | Reached XP level 7. HP: 56/56 MP: 9/9
  4638 | D:5      | Entered Level 5 of the Dungeon
  4654 | D:5      | Found Zeguhid's General Store.
  4660 | D:5      | Bought a scroll of identify for 30 gold pieces
  4716 | D:5      | Reached *** piety under Lugonu
  5847 | D:5      | Reached skill level 1 in Maces & Flails
  5847 | D:5      | Reached skill level 4 in Evocations
  5948 | D:5      | Gained mutation: You have razor-sharp toenails. [demonic ancestry]
  5948 | D:5      | Reached XP level 8. HP: 56/64 MP: 11/11
  6174 | D:6      | Found a glowing golden altar of the Shining One.
  6432 | D:6      | Found Donakefra's Antique Weapon Boutique.
  7082 | D:7      | Reached skill level 5 in Evocations
  7568 | D:7      | Noticed a deep elf mage
  7580 | D:7      | Killed a deep elf mage
  7580 | D:7      | Reached skill level 6 in Evocations
  7580 | D:7      | Reached XP level 9. HP: 27/72 MP: 13/13
  7859 | D:7      | Reached **** piety under Lugonu
  8010 | D:7      | Found an ornate altar of the Wu Jian Council.
  8014 | D:7      | Found an ancient bone altar of Kikubaaqudgha.
  8412 | D:8      | Noticed a two-headed ogre
  8450 | D:8      | Killed a two-headed ogre
  8450 | D:8      | Reached skill level 5 in Maces & Flails
  8450 | D:8      | Reached skill level 7 in Evocations
  8589 | D:8      | Got an encrusted rapier
  8596 | D:8      | Identified the +6 rapier of Accidental Termination {pierce, *Slow Fragile rElec Dex+6} (You found it on level 8 of the Dungeon)
  8601 | D:8      | Noticed Prince Ribbit
  8727 | D:8      | Got a pair of scorched boots
  8738 | D:8      | Identified the cursed +0 pair of boots of Cadwirac {Str+6} (You found it on level 8 of the Dungeon)
  8933 | D:8      | Killed Prince Ribbit
  9076 | D:8      | Found a radiant altar of Vehumet.
  9077 | D:8      | Found a sacrificial altar of Ru.
  9078 | D:8      | Found a hide-covered altar of Uskayaw.
  9216 | D:9      | Reached XP level 10. HP: 72/82 MP: 15/15
  9356 | D:9      | Found a bloodstained altar of Trog.
 10558 | D:9      | Reached skill level 8 in Evocations
 10602 | D:9      | Found a sparkling altar of Nemelex Xobeh.
 10603 | D:9      | Found a stormy altar of Qazlal.
 11062 | D:9      | Found a staircase to the Orcish Mines.
 11630 | D:10     | Entered Level 10 of the Dungeon
 11666 | D:10     | Reached ***** piety under Lugonu
 12037 | D:10     | Found a staircase to the Lair.
 12870 | Lair:1   | Entered Level 1 of the Lair of Beasts
 12870 | Lair:1   | Noticed a seven-headed hydra
 12875 | Lair:1   | Killed a seven-headed hydra
 12875 | Lair:1   | Reached skill level 9 in Evocations
 12897 | Lair:1   | Gained mutation: You have claws for feet. [demonic ancestry]
 12897 | Lair:1   | Reached XP level 11. HP: 80/90 MP: 17/17
 13011 | Lair:1   | Reached skill level 5 in Armour
 13181 | Lair:1   | Reached skill level 10 in Fighting
 13205 | Lair:1   | Noticed an oklob plant
 13689 | Lair:1   | HP: 1/90 [komodo dragon (14)]
 15678 | D:10     | You fall through a shaft for 2 floors!
 15678 | D:12     | Noticed KarmaPolice's ghost (journeyman DsAK)
 16388 | D:11     | Noticed a two-headed ogre
 16407 | D:11     | Killed a two-headed ogre
 16476 | D:11     | Noticed an obsidian statue
 16665 | D:11     | Killed an unseen horror
 17588 | D:11     | Reached skill level 10 in Evocations
 17735 | D:12     | Reached skill level 5 in Axes
 18230 | D:11     | Upgraded the game from 0.22-a0-181-gb22368a to 0.22-a0-185-ge330310
 18370 | D:12     | Killed KarmaPolice's ghost
 18370 | D:12     | Gained mutation: You are mostly covered in thin metallic scales. (AC +3) [demonic ancestry]
 18370 | D:12     | Reached XP level 12. HP: 84/99 MP: 19/19
 18555 | D:12     | Noticed a four-headed hydra
 18557 | D:12     | Noticed an emperor scorpion
 18557 | D:12     | a four-headed hydra changed into an emperor scorpion
 18561 | D:12     | Noticed a catoblepas
 18561 | D:12     | an emperor scorpion changed into a catoblepas
 18572 | D:12     | Killed a catoblepas
 18925 | D:13     | Found a basalt altar of Yredelemnul.
 18988 | D:13     | Noticed a catoblepas
 19162 | D:12     | Killed a catoblepas
 19894 | Lair:2   | Found an ancient bone altar of Kikubaaqudgha.
 20397 | Lair:2   | Reached skill level 5 in Invocations
 21005 | Lair:3   | Reached ****** piety under Lugonu
 21332 | Lair:3   | Reached skill level 11 in Evocations
 21399 | Lair:3   | Noticed a queen ant
 21420 | Lair:3   | Killed a queen ant
 21420 | Lair:3   | Reached skill level 10 in Maces & Flails
 21665 | Lair:4   | Gained mutation: Your magical and physical power is slightly enhanced at high health. [demonic ancestry]
 21665 | Lair:4   | Reached XP level 13. HP: 81/104 MP: 21/21
 22096 | Lair:4   | Found a staircase to the Snake Pit.
 22744 | Lair:4   | Found a staircase to the Swamp.
 23452 | Lair:5   | Found a staircase to the Slime Pits.
 23815 | Lair:6   | Entered Level 6 of the Lair of Beasts
 23918 | Lair:6   | Paralysed by a hornet for 3 turns
 25027 | Lair:6   | Got a clouded platinum ring
 25028 | Lair:6   | Identified the Almanac of Cloudy Unholy Rites
 25036 | Lair:6   | Learned a level 5 spell: Silence
 25048 | Lair:6   | Got an ominously black robe
 25067 | Lair:6   | Identified the +1 robe of the Swan {*Corrode +Blink Int+8} (You found it on level 6 of the Lair of Beasts)
 25079 | Lair:6   | Identified the ring "Ceafiune" {rF+ EV+2 Str+3 Slay+5} (You found it on level 6 of the Lair of Beasts)
 25131 | Lair:5   | Reached skill level 12 in Evocations
 25667 | Lair:6   | Reached skill level 1 in Spellcasting
 26128 | Lair:5   | Reached XP level 14. HP: 82/113 MP: 23/23
 26585 | Orc:1    | Entered Level 1 of the Orcish Mines
 27032 | Orc:2    | Entered Level 2 of the Orcish Mines
 27160 | Orc:2    | Noticed an orc warlord
 27187 | Orc:1    | Killed an orc warlord
 27392 | Orc:2    | Found Boligrin's Food Shoppe.
 27447 | Orc:2    | HP: 1/114 [something/bolt of poison (32)]
 27448 | Orc:2    | Succumbed to an ogre mage's bolt of poison

Vault maps used:
D:1:      onia_arrival_mini_spirals, minmay_misc_feat_plants, hex_tiny
D:2:      first_ration, minmay_misc_feat_rows
D:3:      fedhas_altar_2, uniq_crazy_yiuf_cottage
D:4:      nicolae_overflow_hidden_temple, minmay_temple_entry_fiery
D:5:      black_bear_nest_2, serial_shops, shop
D:6:      kennysheep_mini_moat, serial_shops, nicolae_shop_waterfront,
          minivault_11, lemuel_flame_loot_1
D:7:      grunt_temple_overflow_open
D:8:      minitemple, uniq_prince_ribbit1
D:9:      gammafunk_temple_overflow_pools, trog_ov_bears_minmay, erik_orc_2
D:10:     lair_entry_dummy
D:11:     serial_shops, statue_bzr
D:13:     grunt_vaults_entry_tiered, basic_altar, the_bakery
Lair:1:   dpeg_stationary_puzzle, infiniplex_staircase_pool_2,
          grunt_megastairs_1, serial_bayou_shore_a, serial_bayou_shore_b,
          lemuel_fruit_tree
Lair:2:   basic_altar, beast_lair_carwin_2, grunt_megastairs_3,
          serial_bayou_shore_b
Lair:3:   wad_woods_antlair, grunt_megastairs_2
Lair:4:   nicolae_swamp_entry_splash_gauntlet, dummy_snake_entry
Lair:5:   nicolae_slime_entry_slimehenge, dpeg_oklob_1,
          infiniplex_staircase_pool, serial_bayou_shore_b, serial_bayou_shore_b
Lair:6:   gammafunk_lair_ancient_temple, pond
Orc:1:    uniq_erica
Orc:2:    st_orc_ogre_mass, serial_shops, shop

Skill      XL: |  1  2  3  4  5  6  7  8  9 10 11 12 13 14 |
---------------+-------------------------------------------+-----
Axes           | 2 3 4 5 6 |  6.0
Throwing       | 1 |  1.7
Fighting       | 4 5 6 7 8 9 10 11 | 11.7
Evocations     | 1 2 3 4 6 7 9 10 11 12 | 12.0
Maces & Flails | 1 4 5 7 8 10 11 | 11.5
Armour         | 2 4 6 8 9 |  9.3
Invocations    | 6 9 |  9.6
Spellcasting   | 1 3 |  3.4
Dodging        | |  0.8

Action                   |  1- 3 |  4- 6 |  7- 9 | 10-12 | 13-15 || total
-------------------------+-------+-------+-------+-------+-------++-------
Melee: Hand axe          |   107 |   187 |   112 |       |       ||   406
       Kick              |       |    48 |    14 |   213 |   222 ||   497
       Flail             |       |       |   288 |   949 |   635 ||  1872
 Fire: Blowgun           |       |       |       |    12 |    12 ||    24
Invok: Depart the Abyss  |     1 |       |       |       |       ||     1
Evoke: Wand              |       |     3 |     5 |    11 |     3 ||    22
       Phial of floods   |       |       |       |     2 |       ||     2
  Use: Potion            |     1 |     2 |       |     5 |     1 ||     9
       Scroll            |       |     1 |     5 |    28 |     4 ||    38
 Stab: Distracted        |       |       |       |     1 |     1 ||     2
       Paralysed         |       |       |       |       |     4 ||     4
  Eat: Chunk             |     2 |     9 |    21 |    33 |    20 ||    85
       Ration            |       |       |       |     3 |       ||     3
Armor: Leather armour    |    36 |    76 |   207 |   293 |       ||   612
       Acid dragon scale |       |       |       |    18 |       ||    18
       Troll leather arm |       |       |       |   137 |   262 ||   399
Dodge: Dodged            |    70 |   132 |   271 |   542 |   346 ||  1361

Table legend:
 A = Spawn XP
 B = Non-spawn XP
 C = Spawn XP percentage of total XP
 D = Spawn monster count
 E = Non-spawn monster count
 F = Spawn count percentage of total count
 G = Total turns spent on level
                    A         B        C        D         E        F      G
               +---------+---------+-------+---------+---------+-------+---------
         Total |       0 |   74089 |   0.0 |       0 |     530 |   0.0 | 27448
               +---------+---------+-------+---------+---------+-------+---------
           D:1 |       0 |      31 |   0.0 |       0 |      14 |   0.0 |   727
           D:2 |       0 |      60 |   0.0 |       0 |      21 |   0.0 |   898
           D:3 |       0 |     189 |   0.0 |       0 |      20 |   0.0 |  1607
           D:4 |       0 |     477 |   0.0 |       0 |      21 |   0.0 |  1441
           D:5 |       0 |     672 |   0.0 |       0 |      24 |   0.0 |  1329
           D:6 |       0 |     328 |   0.0 |       0 |      16 |   0.0 |  1012
           D:7 |       0 |    1549 |   0.0 |       0 |      26 |   0.0 |  1172
           D:8 |       0 |    3569 |   0.0 |       0 |      33 |   0.0 |  1630
           D:9 |       0 |    3455 |   0.0 |       0 |      38 |   0.0 |  2549
          D:10 |       0 |    1051 |   0.0 |       0 |      30 |   0.0 |  1447
          D:11 |       0 |    2735 |   0.0 |       0 |      16 |   0.0 |  1799
          D:12 |       0 |    7660 |   0.0 |       0 |      32 |   0.0 |  1746
          D:13 |       0 |     342 |   0.0 |       0 |       4 |   0.0 |    96
        Lair:1 |       0 |    6167 |   0.0 |       0 |      27 |   0.0 |  2393
        Lair:2 |       0 |    3666 |   0.0 |       0 |      20 |   0.0 |  1166
        Lair:3 |       0 |    7037 |   0.0 |       0 |      38 |   0.0 |  1111
        Lair:4 |       0 |    7680 |   0.0 |       0 |      25 |   0.0 |  1386
        Lair:5 |       0 |    8590 |   0.0 |       0 |      27 |   0.0 |  1490
        Lair:6 |       0 |   13947 |   0.0 |       0 |      46 |   0.0 |  1644
         Orc:1 |       0 |    2786 |   0.0 |       0 |      27 |   0.0 |   553
         Orc:2 |       0 |    2098 |   0.0 |       0 |      25 |   0.0 |   225
               +---------+---------+-------+---------+---------+-------+---------
